 Dungeon Crawl Stone Soup version 0.27.1-4-g1640c2035a (webtiles) character file.

Game seed: 11777271216975822278

154 Crownlay the Cudgeller (level 5, -4/54 HPs)
             Began as an Ogre Berserker on Nov 5, 2021.
             Was a Follower of Trog.
             Slain by a gnoll (5 damage)
             ... on level 2 of the Dungeon.
             The game lasted 00:01:47 (2269 turns).

Crownlay the Cudgeller (Ogre Berserker)             Turns: 2269, Time: 00:01:47

Health: -4/54      AC:  3    Str: 22    XL:     5   Next: 35%
Magic:  5/5        EV: 10    Int:  8    God:    Trog [*.....]
Gold:   68         SH:  0    Dex:  8    Spells: 4/4 levels left

rFire    . . .     SeeInvis .   a - +0 mace
rCold    . . .     Faith    .   (no shield)
rNeg     . . .     Spirit   .   b - +0 animal skin
rPois    .         Reflect  .   (helmet restricted)
rElec    .         Harm     .   (no cloak)
rCorr    .         Rampage  .   (gloves unavailable)
Will     .....                  (boots unavailable)
Stlth    +.........             (no amulet)
HPRegen  0.18/turn              (no ring)
MPRegen  0.09/turn              (no ring)

@: on berserk cooldown, slowed, very slow
A: large, unfitting armour, tough skin 1
a: Renounce Religion, Berserk


You were on level 2 of the Dungeon.
You worshipped Trog.
Trog was aware of your devotion.
You visited 1 branch of the dungeon, and saw 2 of its levels.

You collected 68 gold pieces.

Inventory:

Hand Weapons
 a - a +0 mace (weapon)
Armour
 b - a +0 animal skin (worn)
Scrolls
 c - a scroll of magic mapping {unknown}
 f - 3 scrolls of amnesia {unknown}
 g - a scroll of identify {unknown}
 i - 2 scrolls of immolation {unknown}
 j - a scroll of teleportation {unknown}
 l - a scroll of noise {unknown}
Potions
 d - a potion of curing
 e - a potion of haste {unknown}
 h - a potion of might {unknown}
 k - a potion of heal wounds {unknown}
 m - a potion of flight {unknown}


   Skills:
 - Level 4.0 Fighting
 * Level 5.3 Maces & Flails
 - Level 2.6 Dodging


You had 4 spell levels left.
You didn't know any spells.
Your spell library was empty.

Dungeon Overview and Level Annotations

Branches:
Dungeon (2/15)

Altars:
Dithmenos


Innate Abilities, Weirdness & Mutations

You are too large for most types of armour.
You have tough skin. (AC +1)


Message History

You sock the gnoll!
You kill the gnoll!
Trog accepts your kill.
You closely miss the gnoll. You completely miss the gnoll.
You are no longer berserk.
You are exhausted.
You feel yourself slow down. The gnoll hits you with a +0 whip.
You thump the gnoll!
The gnoll is severely wounded.
The gnoll hits you with a +0 whip. x2
You closely miss the gnoll.
The gnoll is severely wounded.
The gnoll hits you with a +0 whip. The gnoll closely misses you.
You barely miss the gnoll.
The gnoll is severely wounded.
The gnoll hits you with a +0 whip.
You hit the gnoll but do no damage.
The gnoll is severely wounded.
The gnoll closely misses you. The gnoll hits you with a +0 whip.
* * * LOW HITPOINT WARNING * * *
You barely miss the gnoll.
The gnoll is severely wounded.
The gnoll barely misses you. The gnoll hits you with a +0 whip.
* * * LOW HITPOINT WARNING * * *
You sock the gnoll!
You kill the gnoll!
Trog accepts your kill.
The ball python bites you but does no damage.
The gnoll barely misses you.
You closely miss the ball python. The ball python completely misses you.
The gnoll hits you from afar with a +0 halberd!
* * * LOW HITPOINT WARNING * * *
The ball python bites you.
* * * LOW HITPOINT WARNING * * *
You barely miss the ball python.
The ball python bites you but does no damage.
The gnoll barely misses you. The ball python barely misses you.
The gnoll hits you from afar with a +0 halberd.
You die...

....>..'....)...♣♣...♣♣♣.........
#...####.........♣♣....♣♣...#####
##.## ##.......##♣♣.._.♣.#.# ####
##.....## ♣♣..♣♣.#.# # # ##...##
♣♣♣♣..#.# # # ##+## #.####.# # #
#.####.# # # #.#########......# #
# #..gS@..(...######
#...?########## #.. #


You could see a gnoll and a ball python.

Vanquished Creatures
  A jelly (D:2)
  Natasha (twice) (D:2)
  3 gnolls (D:2)
  2 adders (D:2)
  A worm (D:2)
  2 bats
  3 endoplasms
  2 giant cockroaches
  2 goblins (D:1)
  2 hobgoblins
  A quokka (D:2)
  A ball python (D:1)
  A kobold (D:2)
  3 rats (D:1)
26 creatures vanquished.

Notes
Turn   | Place    | Note
-------+----------+-------------------------------------------
     0 | D:1      | Crownlay the Ogre Berserker began the quest for the Orb.
     0 | D:1      | Reached XP level 1. HP: 24/24 MP: 1/1
   208 | D:1      | Reached skill level 3 in Maces & Flails
   341 | D:1      | Reached XP level 2. HP: 32/32 MP: 2/2
   998 | D:2      | Reached skill level 4 in Maces & Flails
   998 | D:2      | Reached XP level 3. HP: 36/39 MP: 3/3
  1254 | D:2      | Noticed Natasha
  1260 | D:2      | Killed Natasha
  1261 | D:2      | Reached XP level 4. HP: 48/48 MP: 4/4
  1427 | D:2      | Found a faded altar of an unknown god.
  1504 | D:2      | Found a faded altar of an unknown god.
  1736 | D:2      | Found a shadowy altar of Dithmenos.
  1833 | D:2      | Noticed Natasha
  1852 | D:2      | Killed Natasha
  1853 | D:2      | Reached skill level 5 in Maces & Flails
  1853 | D:2      | Reached XP level 5. HP: 3/54 MP: 5/5
  2268 | D:2      | HP: 2/54 [gnoll (13)]
  2269 | D:2      | Slain by a gnoll

Illustrated notes

Levels and vault maps discovered:
D:1:      lightli_arrival_farm, layout_basic
D:2:      layout_loops_corners, hellmonk_ecumenical_altar_the_god_not_taken,
          basic_altar, uniq_natasha

Skill      XL: |  1  2  3  4 |
---------------+-------------+-----
Maces & Flails | 3 4 5 |  5.3
Fighting       | |  4.0
Dodging        | |  2.6

Action                   |  1- 3 |  4- 6 || total
-------------------------+-------+-------++-------
Melee: Mace              |    45 |    64 ||   109
Invok: Berserk           |     1 |     1 ||     2
 Stab: Sleeping          |     1 |       ||     1
Armor: Animal skin       |    13 |    10 ||    23
Dodge: Dodged            |    19 |    39 ||    58
